 Dungeon Crawl Stone Soup version 0.30.1-9-gdf580d7c3d (webtiles) character file.

Game seed: 780530356671975603

987 StylePr0 the Cudgeller (level 8, -8/51 HPs)
             Began as a Gargoyle Fighter on Oct 2, 2023.
             Mangled by an ogre
             ... wielding a +0 giant club
              (25 damage)
             ... on level 4 of the Dungeon.
             The game lasted 00:06:54 (4289 turns).

StylePr0 the Cudgeller (Gargoyle Fighter)           Turns: 4289, Time: 00:06:54

Health: -8/51      AC: 19    Str: 21    XL:     8   Next: 18%
Magic:  8/8        EV: 14    Int: 10    God:
Gold:   188        SH:  4    Dex:  9    Spells: 7/7 levels left

rFire   . . .        a - +1 flail
rCold   . . .        c - +0 buckler
rNeg    + . .        b - +1 scale mail
rPois   ∞            (no helmet)
rElec   +            k - +0 cloak
rCorr   .            (no gloves)
SInv    .            (no boots)
Will    .....        (no amulet) Stlth
                     g - +5 ring of evasion
HPRegen 0.28/turn    f - +4 ring of protection
MPRegen 0.11/turn

%: no passive effects
@: no status effects
A: sickness immunity, AC +5, negative energy resistance 1, electricity
resistance, torment resistance 1, petrification resistance
a: no special abilities


You were on level 4 of the Dungeon.
You visited 1 branch of the dungeon, and saw 4 of its levels.
You also visited: Sewer.

You collected 188 gold pieces.

Inventory:

Hand Weapons
 a - a +1 flail (weapon)
Armour
 b - a +1 scale mail (worn)
 c - a +0 buckler (worn)
 k - a +0 cloak (worn)
Jewellery
 f - a +4 ring of protection (right hand)
 g - a +5 ring of evasion (left hand)
 i - a ring of wizardry
Wands
 l - a wand of paralysis (3)
Scrolls
 h - a scroll of identify
 m - a scroll of magic mapping
 o - 2 scrolls of teleportation
 u - a scroll of enchant weapon
Potions
 d - 2 potions of might
 e - 2 potions of curing {unknown}
 j - 2 potions of resistance {unknown}
 n - 3 potions of mutation
 p - 2 potions of berserk rage {unknown}
 q - 2 potions of magic {unknown}
 r - 3 potions of heal wounds {unknown}
 s - a potion of ambrosia {unknown}
 t - a potion of cancellation {unknown}


   Skills:
 + Level 5.9 Fighting
 * Level 6.8 Maces & Flails
 + Level 6.0 Armour
 - Level 3.2 Shields


You had 7 spell levels left.
You didn't know any spells.
Your spell library was empty.

Dungeon Overview and Level Annotations

Branches:
Dungeon (4/15)              Sewer (visited)
 Temple: D:4-7

Altars:

Shops:
D:4 =


Innate Abilities, Weirdness & Mutations

You are immune to sickness and miasma.
Your stone body is resilient. (AC +5)
You are immune to poison.
You resist negative energy. (rN+)
You are resistant to electric shocks. (rElec)
You are resistant to unholy torment.
You are immune to petrification.


Message History

Found a stone staircase leading up.
You open the door.
There is an open door here.
An ogre comes into view. It is wielding a +0 giant club.
Found a stone staircase leading down.
The ogre shouts!
An ogre is nearby!
An ogre is nearby!
The ogre closely misses you.
You hit the ogre.
The ogre is lightly wounded.
The ogre closely misses you.
You sock the ogre!
The ogre is heavily wounded.
The ogre hits you with a +0 giant club!
You barely miss the ogre.
The ogre is heavily wounded.
You barely miss the ogre.
The ogre is heavily wounded.
The ogre hits you but does no damage.
You hit the ogre but do no damage.
The ogre is heavily wounded.
The ogre closely misses you.
You hit the ogre.
The ogre is heavily wounded.
You barely miss the ogre.
The ogre is heavily wounded.
The ogre barely misses you.
You sock the ogre!
The ogre is severely wounded.
The ogre hits you with a +0 giant club!!
Ouch! That really hurt!
You are too injured to fight recklessly!
You are too injured to fight recklessly!
You are too injured to fight recklessly!
You are too injured to fight recklessly!
You hit the ogre.
The ogre is almost dead.
The ogre hits you with a +0 giant club!!
You die...

.. ##########.
..........# #...
..........# +...
..........# #...
...>......# #...
......O...######## #...
#...@.........# #...
#.............# #...
#.............# #...
#.............# #...
#.............# #...
#####...<.........####...
#...##########'#.......)<
#..........#...#.........
#<.........#...#.........


You could see an ogre.

Vanquished Creatures
  Pargi (D:3)
  2 phantoms (D:4)
  A scorpion (D:4)
  A bullfrog (D:4)
  3 hounds
  2 orc priests
  A gnoll bouda (D:4)
  An iguana (D:4)
  A sleepcap (D:4)
  13 gnolls
  7 adders
  5 river rats (Sewer)
  A worm (D:2)
  3 dart slugs
  10 orcs
  9 endoplasms
  3 giant cockroaches
  3 goblins
  10 hobgoblins
  14 jackals
  6 quokkas
  10 ball pythons
  10 bats
  4 frilled lizards
  22 kobolds
  29 rats
172 creatures vanquished.

Notes
Turn   | Place    | Note
-------+----------+-------------------------------------------
     0 | D:1      | StylePr0 the Gargoyle Fighter began the quest for the Orb.
     0 | D:1      | Reached XP level 1. HP: 14/14 MP: 1/1
   378 | D:1      | Reached XP level 2. HP: 19/19 MP: 2/2
   893 | D:1      | Reached XP level 3. HP: 16/24 MP: 3/3
   994 | D:2      | Reached XP level 4. HP: 15/29 MP: 4/4
  1761 | D:3      | Reached XP level 5. HP: 33/33 MP: 5/5
  1774 | D:3      | Found a glowing drain.
  1784 | Sewer    | Entered a sewer
  2170 | Sewer    | Reached XP level 6. HP: 33/39 MP: 6/6
  2602 | D:3      | Noticed Pargi
  2613 | D:3      | Killed Pargi
  2614 | D:3      | Reached skill level 5 in Maces & Flails
  2976 | D:3      | Reached skill level 5 in Armour
  3524 | D:4      | Reached skill level 5 in Fighting
  3524 | D:4      | Reached XP level 7. HP: 44/44 MP: 7/7
  3539 | D:4      | Found Xuolodeh's Jewellery Boutique.
  4034 | D:4      | Reached XP level 8. HP: 38/51 MP: 8/8
  4289 | D:4      | Mangled by an ogre

Illustrated notes

Levels and vault maps discovered:
D:1:      dpeg_arrival_signposts, layout_loops_ring
D:2:      layout_loops_ring, minmay_indecisive_spiral
D:3:      layout_loops_corners, portal_sewer_entry_e, uniq_pargi
D:4:      cheibrodos_helix_gallery, layout_gridville, serial_shops,
          nicolae_shop_tiny_real_fake_doors, nicolae_grassy_gnolls

Skill      XL: |  1  2  3  4  5  6  7  8 |
---------------+-------------------------+-----
Maces & Flails | 3 4 5 6 |  6.8
Fighting       | 4 5 |  5.9
Armour         | 4 5 6 |  6.0
Shields        | |  3.2

Action                     |  1- 3 |  4- 6 |  7- 9 || total
---------------------------+-------+-------+-------++-------
  Melee: Flail             |    78 |   387 |   166 ||   631
    Use: Scroll            |       |     9 |       ||     9
         Potion            |       |     1 |       ||     1
 Armour: Scale mail        |    61 |   212 |    85 ||   358
  Dodge: Dodged            |    76 |   366 |   214 ||   656
  Block: Buckler           |    20 |    97 |    49 ||   166
